 Dungeon Crawl Stone Soup version 0.18-a0-690-g014cd11 (webtiles) character file.

10144 Herrn the Cleaver (level 11, -5/86 HPs)
             Began as a Formicid Fighter on Dec 6, 2015.
             Was an Elder of Okawaru.
             Slain by an orc warrior
             ... wielding a +0 glaive
              (7 damage)
             ... on level 1 of the Orcish Mines on Dec 7, 2015.
             The game lasted 00:25:52 (10059 turns).

Herrn the Cleaver (Formicid Fighter)               Turns: 10059, Time: 00:25:52

Health: -5/86      AC: 14    Str: 25    XL:     11   Next: 87%
Magic:  10/11      EV: 14    Int:  7    God:    Okawaru [****..]
Gold:   540        SH: 13    Dex: 10    Spells: 0 memorised, 10 levels left

rFire  . . .     SeeInvis +     y - +6 war axe "Dragonbane" {venom, +Blink}
rCold  . . .     Clarity  +     G - +0 chain mail
rNeg   . . .     SustAt   .     c - +0 shield
rPois  .         Gourm    .     (helmet unavailable)
rElec  .         Spirit   .     A - +0 cloak
rCorr  .         Dismiss  .     H - +0 pair of gloves
rMut   .         Stasis   +     (no boots)
MR     +....                    x - amulet of clarity
Stlth  ..........               u - ring of wizardry (curse)
                                B - +3 ring of evasion

@: heroism, heavily drained, somewhat resistant to hostile enchantments,
extremely unstealthy
A: permanent stasis, dig shafts and tunnels, four strong arms, antennae 3
a: Dig, Shaft Self, Heroism, Renounce Religion


You were on level 1 of the Orcish Mines.
You worshipped Okawaru.
Okawaru was greatly pleased with you.
You were hungry.

You visited 3 branches of the dungeon, and saw 13 of its levels.
You also visited: Sewer.

You collected 540 gold pieces.

Inventory:

Hand Weapons
 y - the +6 war axe "Dragonbane" (weapon) {venom, +Blink}
   (You found it on level 4 of the Dungeon)

   It poisons the flesh of those it strikes.
   It lets you blink.
Armour
 b - a +0 scale mail
 c - a +0 shield (worn)
 A - a +0 cloak (worn)
 G - a +0 chain mail (worn)
 H - a +0 pair of gloves (worn)
Jewellery
 u - a cursed ring of wizardry (right hand)
 x - an amulet of clarity (around neck)
 B - a +3 ring of evasion (left hand)
 M - an uncursed ring of magical power {unknown}
Wands
 e - a wand of lightning (13)
 l - a wand of polymorph (6)
 o - a wand of fireball (5)
 p - a wand of polymorph (15)
 t - a wand of magic darts (10)
 I - a wand of flame (12)
 L - a wand of draining (6)
Scrolls
 d - 3 scrolls of amnesia
 g - 2 scrolls of fear
 h - a scroll of summoning {unknown}
 i - 5 scrolls of remove curse
 n - a scroll of enchant armour
 r - 3 scrolls of recharging
 v - 2 scrolls of identify
 F - a scroll of magic mapping {unknown}
Potions
 j - 2 potions of heal wounds {unknown}
 k - 3 potions of curing
 s - 2 potions of cancellation {unknown}
 w - a potion of agility
 z - a potion of berserk rage {unknown}
 D - a potion of might
 N - a potion of beneficial mutation {unknown}
Books
 m - a book of Beasts

   Spells                             Type                      Level
   a - Summon Butterflies             Summoning                    1
   b - Call Canine Familiar           Summoning                    3
   c - Summon Ice Beast               Ice/Summoning                4
   d - Summon Mana Viper              Hexes/Summoning              5
   e - Summon Hydra                   Summoning                    7
 q - a Necronomicon

   Spells                             Type                      Level
   a - Haunt                          Necromancy/Summoning         7
   b - Borgnjor's Revivification      Necromancy                   8
   c - Death's Door                   Charms/Necromancy            8
   d - Necromutation                  Transmutation/Necromancy     8
 K - a book of Envenomations

   Spells                             Type                      Level
   a - Spider Form                    Transmutation/Poison         3
   b - Alistair's Intoxication        Transmutation/Poison         4
   c - Olgreb's Toxic Radiance        Poison                       4
   d - Poisonous Cloud                Conjuration/Poison/Air       6
Comestibles
 a - a beef jerky
 f - 6 meat rations
 C - 3 bread rations
 E - a royal jelly
 J - 4 fruits


   Skills:
 + Level 7.8(10.1) Fighting
 * Level 12.1(14.2) Axes
 + Level 8.5(10.7) Armour
 + Level 4.3(6.9) Dodging
 + Level 9.6(11.8) Shields
 + Level 0.2(0.0) Invocations


You had 10 spell levels left.
You didn't know any spells.

Dungeon Overview and Level Annotations

Branches:
Dungeon (11/15)            Temple (1/1) D:5             Orc (1/4) D:11
   Lair: D:8-11

Altars:
Ashenzari
Cheibriados
Dithmenos
Elyvilon
Fedhas
Gozag
Kikubaaqudgha
Makhleb
Nemelex Xobeh
Okawaru
Pakellas
Qazlal
Ru
Sif Muna
Trog
Vehumet
Xom
Yredelemnul
Zin
The Shining One

Shops:
D:11 *   Orc:1 (

Annotations:
Orc:1 Harold; P0WERM0DE's ghost, novice DrVM


Innate Abilities, Weirdness & Mutations

You are under a permanent stasis effect.
You can dig through walls and to a lower floor.
Your four strong arms can wield two-handed weapons with a shield.
You have a pair of large antennae on your head (SInv).


Message History

The bolt of negative energy hits you!
You feel drained.
* * * LOW HITPOINT WARNING * * *
The orc warrior hits you from afar with a glaive.
* * * LOW HITPOINT WARNING * * *
You hit Harold.
Harold is severely wounded.
You hit P0WERM0DE's ghost.
P0WERM0DE's ghost is lightly damaged.
You block Harold's attack.
Unknown command.
You slash Harold!
Harold is almost dead.
You slash P0WERM0DE's ghost!
P0WERM0DE's ghost is moderately damaged.
P0WERM0DE's ghost hits you.
* * * LOW HITPOINT WARNING * * *
P0WERM0DE's ghost burns you.
* * * LOW HITPOINT WARNING * * *
The orc warrior hits you from afar with a glaive!
You die...

....... #.##
....... ...#
....... #...
.......#...
.#.......$#
..........##
......))[..#
....#o)@W..#
......)@...#...
......><.....o.
......[........
..........#....
........$......
...$...........
....##.........
.... ....∩.....
..$ .........#


You could see Harold, an orc warrior, an orc wizard and P0WERM0DE's ghost.

Vanquished Creatures
  The ghost of P0WERM0DE the Thaumaturge, a novice DrSu of Ashenzari (D:11)
  4 skeletal warriors (D:10)
  An ugly thing (D:6)
  Psyche (D:10)
  2 wyverns
  3 yaks (D:10)
  The ghost of Herrn the Shield-Bearer, an amateur VSFi (D:5)
  A mottled dragon (D:11)
  Grum (D:10)
  2 hippogriffs
  4 wolves (D:10)
  3 orc warriors
  2 eyes of draining (D:9)
  4 sky beasts
  A black bear (D:9)
  A necrophage (D:8)
  An ice beast (D:10)
  3 phantoms
  3 ogres
  3 centaurs
  A crocodile (Sewer)
  3 giant frogs
  4 big kobolds
  A wyvern skeleton (D:8)
  7 wights (D:10)
  11 killer bees (D:8)
  A crimson imp (D:7)
  A giant frog zombie (D:9)
  5 hounds
  4 giant frog skeletons
  2 jellies
  Crazy Yiuf (D:4)
  8 orc priests
  8 orc wizards
  An iguana (D:6)
  Natasha (thrice) (D:2)
  6 worker ants
  A hound zombie (D:6)
  2 worker ant zombies (D:10)
  9 adders
  12 gnolls
  2 river rats (D:5)
  3 shadow imps
  2 adder skeletons
  An adder zombie (D:9)
  A worm (D:6)
  38 orcs
  43 goblins
  26 hobgoblins
  6 jackals
  25 kobolds
  5 quokkas
  A ball python (D:1)
  6 bats
  4 giant cockroaches
  2 giant geckos
  5 giant newts
  16 rats
  3 fungi (D:4)
322 creatures vanquished.

Vanquished Creatures (others)
  An orc (Orc:1)
  24 plants (D:11)
25 creatures vanquished.

Grand Total: 347 creatures vanquished

Notes
Turn   | Place    | Note
--------------------------------------------------------------
     0 | D:1      | Herrn the Formicid Fighter began the quest for the Orb.
     0 | D:1      | Reached XP level 1. HP: 18/18 MP: 1/1
    76 | D:1      | Reached XP level 2. HP: 24/24 MP: 2/2
   119 | D:1      | Reached skill level 4 in Shields
   273 | D:1      | Found a sparkling altar of Nemelex Xobeh.
   384 | D:2      | Reached XP level 3. HP: 29/29 MP: 3/3
   577 | D:2      | Noticed Natasha
   589 | D:2      | Killed Natasha
   589 | D:2      | Reached XP level 4. HP: 9/35 MP: 4/4
   890 | D:2      | Found a deep blue altar of Sif Muna.
   890 | D:2      | Found a sacrificial altar of Ru.
   945 | D:2      | Noticed Natasha
   978 | D:2      | Killed Natasha
  1059 | D:2      | Reached XP level 5. HP: 38/41 MP: 5/5
  1537 | D:2      | Noticed Natasha
  1550 | D:2      | Killed Natasha
  1801 | D:3      | Noticed a phantom
  1812 | D:3      | Found a shadowy altar of Dithmenos.
  1851 | D:3      | Killed a phantom
  1851 | D:3      | Reached skill level 1 in Dodging
  1851 | D:3      | Reached skill level 5 in Shields
  1851 | D:3      | Reached XP level 6. HP: 26/48 MP: 6/6
  2070 | D:3      | Found a radiant altar of Vehumet.
  2511 | D:3      | Found a stormy altar of Qazlal.
  2519 | D:3      | Noticed a sky beast
  2531 | D:3      | Killed a sky beast
  2531 | D:3      | Reached XP level 7. HP: 43/54 MP: 7/7
  2537 | D:3      | Gained mutation: You evolve. [mutagenic meat]
  2538 | D:3      | Gained mutation: You are dopey. (Int -2) [mutagenic meat]
  2539 | D:3      | Gained mutation: You are robust (+10% HP). [mutagenic meat]
  2540 | D:3      | Gained mutation: You occasionally shout uncontrollably at your foes. [mutagenic meat]
  2541 | D:3      | Lost mutation: You are robust (+10% HP). [mutagenic meat]
  2542 | D:3      | Gained mutation: You are very dopey. (Int -4) [mutagenic meat]
  2772 | D:4      | Gained mutation: You are partially covered in yellow scales (AC +2). [potion of mutation]
  2773 | D:4      | Lost mutation: You are partially covered in yellow scales (AC +2). [potion of cure mutation]
  2773 | D:4      | Lost mutation: You occasionally shout uncontrollably at your foes. [potion of cure mutation]
  2773 | D:4      | Lost mutation: You evolve. [potion of cure mutation]
  2773 | D:4      | Lost mutation: You are very dopey. (Int -4) [potion of cure mutation]
  2773 | D:4      | Lost mutation: You are dopey. (Int -2) [potion of cure mutation]
  2951 | D:4      | Got a fine war axe
  2952 | D:4      | Identified the +6 war axe "Dragonbane" {venom, +Blink} (You found it on level 4 of the Dungeon)
  3211 | D:4      | Noticed Crazy Yiuf
  3216 | D:4      | Killed Crazy Yiuf
  3216 | D:4      | Reached skill level 5 in Armour
  3457 | D:5      | Entered Level 5 of the Dungeon
  3472 | D:5      | Found a staircase to the Ecumenical Temple.
  3478 | Temple   | Entered the Ecumenical Temple
  3558 | D:5      | Found a basalt altar of Yredelemnul.
  3561 | D:5      | Noticed Herrn's ghost (amateur VSFi)
  3567 | D:5      | Killed Herrn's ghost
  3581 | D:5      | Found a glowing drain.
  3617 | Sewer    | Entered a sewer
  3670 | Sewer    | Reached skill level 5 in Axes
  3790 | D:5      | Reached XP level 8. HP: 61/61 MP: 8/8
  3987 | D:5      | Found an ancient bone altar of Kikubaaqudgha.
  4189 | D:5      | Reached skill level 6 in Shields
  4614 | D:6      | Upgraded the game from 0.18-a0-670-g393520a to 0.18-a0-690-g014cd11
  4751 | D:6      | Noticed a red ugly thing
  4766 | D:6      | Killed a red ugly thing
  4766 | D:6      | Reached skill level 5 in Fighting
  4766 | D:6      | Reached skill level 7 in Axes
  4766 | D:6      | Reached XP level 9. HP: 39/68 MP: 9/9
  4814 | D:6      | Found an oddly glowing altar of Pakellas.
  4817 | D:6      | Found an opulent altar of Gozag.
  4817 | D:6      | Found a glowing golden altar of the Shining One.
  4817 | D:6      | Found a burning altar of Makhleb.
  4819 | D:6      | Found a snail-covered altar of Cheibriados.
  4819 | D:6      | Found a shattered altar of Ashenzari.
  4820 | D:6      | Found a glowing silver altar of Zin.
  5169 | D:7      | Reached skill level 8 in Axes
  5831 | D:8      | Reached XP level 10. HP: 40/76 MP: 10/10
  6209 | D:8      | Reached skill level 9 in Axes
  7596 | D:9      | Reached skill level 10 in Axes
  7639 | D:9      | Found an iron altar of Okawaru.
  7651 | D:9      | Became a worshipper of Warmaster Okawaru
  7809 | D:10     | Entered Level 10 of the Dungeon
  7809 | D:10     | Noticed a skeletal warrior
  7809 | D:10     | Noticed a skeletal warrior
  7832 | D:10     | Killed a skeletal warrior
  7832 | D:10     | Reached * piety under Okawaru
  7853 | D:10     | Killed a skeletal warrior
  7853 | D:10     | Reached XP level 11. HP: 21/84 MP: 11/11
  8095 | D:10     | Noticed a skeletal warrior
  8095 | D:10     | Noticed a skeletal warrior
  8131 | D:10     | Killed a skeletal warrior
  8143 | D:10     | Killed a skeletal warrior
  8143 | D:10     | Reached ** piety under Okawaru
  8143 | D:10     | Reached skill level 11 in Axes
  8231 | D:10     | Noticed Grum
  8248 | D:10     | Killed Grum
  8585 | D:10     | Noticed Psyche
  8594 | D:10     | Killed Psyche
  8594 | D:10     | Reached *** piety under Okawaru
  9157 | D:11     | Found Giyn's Assorted Antiques.
  9181 | D:11     | Noticed P0WERM0DE's ghost (novice DrSu)
  9205 | D:11     | Killed P0WERM0DE's ghost
  9205 | D:11     | Reached **** piety under Okawaru
  9205 | D:11     | Reached skill level 12 in Axes
  9207 | D:11     | HP: 4/86 [giant frog skeleton (3)]
  9767 | D:11     | Found a staircase to the Orcish Mines.
  9772 | Orc:1    | Entered Level 1 of the Orcish Mines
  9772 | Orc:1    | Found Fomo's Weapon Shoppe.
  9772 | Orc:1    | Noticed P0WERM0DE's ghost (novice DrVM)
  9773 | Orc:1    | Noticed Harold
 10059 | Orc:1    | HP: 3/86 [P0WERM0DE's ghost (6)]
 10059 | Orc:1    | Slain by an orc warrior

Vault maps used:
D:1:      mrwooster_arrival_statue_2, nemelex_diamond_rough_becter
D:2:      nicolae_overflow_hidden_temple, first_bread, uniq_natasha
D:3:      lemuel_round_altar, old_standard_altar,
          nicolae_dithmenos_shadow_blocks
D:4:      uniq_crazy_yiuf_cottage
D:5:      minmay_goblin_kobold_castle, lemuel_crystal_altar,
          kennysheep_mini_moat, minmay_temple_entry_purple_smoke,
          portal_sewer_entry_c, kennysheep_generic_room_6
D:6:      grunt_temple_overflow_open, kb_lookout_dungeons_type
D:9:      okawaru_altar_gauntlet_db
D:10:     uniq_psyche, uniq_grum
D:11:     david_lair_shrubbed, hiddenorc1_lemuel, enter_trove_5, serial_shops,
          shop, hangedman_little_slice_of_home, lemuel_blue_sif_altar
Temple:   nicolae_temple_hex_pool_5
Orc:1:    serial_shops, shop, nicolae_orc_rockfall, uniq_harold
Sewer:    sewer_the_crocodile

Action                   |  1- 3 |  4- 6 |  7- 9 | 10-12 || total
-------------------------+-------+-------+-------+-------++-------
Melee: War axe           |    67 |   160 |   307 |   338 ||   872
Invok: Heroism           |       |       |       |     2 ||     2
 Abil: Dig               |       |     4 |     6 |     5 ||    15
  Use: Potion            |     3 |       |     3 |     1 ||     7
       Scroll            |       |       |    13 |       ||    13
 Stab: Confused          |       |       |       |     1 ||     1
  Eat: Chunk             |       |     4 |     6 |     6 ||    16
       Beef jerky        |       |     1 |       |     3 ||     4
       Bread ration      |       |       |     3 |       ||     3
       Pizza             |       |       |       |     1 ||     1
